 Dungeon Crawl Stone Soup version 0.31.0-32-g396128a36d (webtiles) character file.

Game seed: 10494519767035640614

1012 Peloso the Covered (level 8, -1/102 HPs)
             Began as a Minotaur Fighter on Mar 23, 2024.
             Succumbed to a killer bee's poison
             ... on level 5 of the Dungeon.
             The game lasted 00:06:37 (4339 turns).

Peloso the Covered (Minotaur Fighter)               Turns: 4339, Time: 00:06:38

Health: -1/102     AC: 11    Str: 22    XL:     8   Next: 1%
Magic:  7/7        EV: 10    Int:  5    God:
Gold:   301        SH:  5    Dex: 11    Spells: 7/7 levels left

rFire   . . .        a - +0 long sword
rCold   . . .        d - +0 buckler
rNeg    . . .        b - +0 scale mail
rPois   .            (helmet restricted)
rElec   .            c - +0 cloak
rCorr   .            q - +0 pair of gloves
SInv    .            o - +0 pair of boots
Will    .....        (no amulet) Stlth
                     (no ring)
HPRegen 0.37/turn    (no ring)
MPRegen 0.10/turn

%: no passive effects
@: berserking, lethally poisoned (-1 -> -9), very quick
A: horns 2, retaliatory headbutt
a: no special abilities


You were on level 5 of the Dungeon.
You visited 1 branch of the dungeon, and saw 5 of its levels.

You collected 301 gold pieces.

Inventory:

Hand Weapons
 a - a +0 long sword (weapon)
Armour
 b - a +0 scale mail (worn)
 c - a +0 cloak (worn)
 d - a +0 buckler (worn)
 o - a +0 pair of boots (worn)
 q - a +0 pair of gloves (worn)
Talismans
 i - a flux talisman
Wands
 j - a wand of polymorph (6)
Scrolls
 e - 4 scrolls of identify
 f - a scroll of vulnerability {unknown}
 g - a scroll of silence {unknown}
 h - a scroll of brand weapon {unknown}
 p - 3 scrolls of teleportation {unknown}
 r - a scroll of poison
Potions
 m - 3 potions of might
 n - a potion of enlightenment


   Skills:
 + Level 5.2 Fighting
 + Level 6.8 Long Blades
 + Level 7.2 Armour
 + Level 2.8 Dodging
 + Level 0.7 Stealth
 + Level 5.3 Shields


You had 7 spell levels left.
You didn't know any spells.
Your spell library contained the following spells:

 Spells                   Type           Power      Damage    Failure   Level
 Sting                    Conj/Alch      0%         1d3       83%         1
 Lesser Beckoning         Tloc           0%         N/A       92%         2
 Mercury Vapours          Alch/Air       0%         N/A       92%         2
 Static Discharge         Conj/Air       0%         3-3/arc   92%         2
 Gell's Gravitas          Tloc           0%         N/A       99%         3
 Teleport Other           Tloc           0%         N/A       99%         3
 Volatile Blastmotes      Fire/Tloc      0%         2d10      99%         3
 Airstrike                Air            0%         2d(0-16)  100%        4
 Fulminant Prism          Conj/Alch      0%         3d5       100%        4
 Iskenderun's Mystic Bla  Conj/Tloc      0%         2d3       100%        4
 Olgreb's Toxic Radiance  Alch           0%         N/A       100%        4
 Petrify                  Alch/Erth      0%         N/A       100%        4
 Summon Lightning Spire   Summ/Air       0%         N/A       100%        4
 Eringya's Noxious Bog    Alch           0%         4d6       100%        6


Dungeon Overview and Level Annotations

Branches:
Dungeon (5/15)
 Temple: D:4-7

Altars:
Dithmenos
Kikubaaqudgha
Nemelex Xobeh
Qazlal
Zin

Annotations:
D:3 1 runed translucent door, Crazy Yiuf


Innate Abilities, Weirdness & Mutations

You have a pair of horns on your head.
You reflexively headbutt those who attack you in melee.


Message History

* * * LOW HITPOINT WARNING * * *
You are more poisoned.
The killer bee poisons you!
The killer bee stings you but does no damage.
You closely miss the killer bee.
The killer bee is heavily wounded.
You feel sick.
The killer bee stings you but does no damage.
The killer bee stings you.
* * * LOW HITPOINT WARNING * * *
You are more poisoned.
The killer bee poisons you!
A red film seems to cover your vision as you go berserk!
You feel yourself moving faster!
You feel mighty!
* * * LOW HITPOINT WARNING * * *
You feel very sick.
The killer bee stings you but does no damage. x2
The gnoll bouda barks out a call to the hunt!
You hear a shout! x2
You slash the killer bee!
You kill the killer bee!
* * * LOW HITPOINT WARNING * * *
You feel very sick.
The gnoll is no longer moving quickly.
A gnoll comes into view. It is wielding a +0 whip.
You have reached level 8!
You feel stronger.
You barely miss the gnoll.
* * * LOW HITPOINT WARNING * * *
You feel very sick. The gnoll barely misses you. You furiously retaliate!
You headbutt the gnoll!
Unknown command.
You slash the gnoll!
You kill the gnoll!
* * * LOW HITPOINT WARNING * * *
You feel sick.
Unknown command.
You slash the gnoll bouda! Your headbutt misses the gnoll bouda.
The gnoll bouda is severely wounded.
You die...

#.##.....
.#
#........
.#
####.####
.# #.# .#
###.# .#
#...# .#
#.###
#####.#
#.#
#..@gg#
#.#
#.#####
#.# #.#
#.#####
#.#
#.....#
##.##
#####.#
##...##
#.#
#.....#
#.#
#.....#
#.#
#....(#
#.#


You could see a gnoll bouda and a gnoll (swift).

Vanquished Creatures
  2 black bears
  2 scorpions
  3 killer bees (D:5)
  2 howler monkeys
  2 jellies (D:5)
  2 hounds
  A sleepcap (D:4)
  Jessica (D:2)
  2 iguanas
  Natasha (thrice) (D:2)
  5 gnolls (D:5)
  6 adders
  A ribbon worm (D:4)
  5 dart slugs
  11 orcs
  3 bats
  5 endoplasms (D:2)
  2 giant cockroaches
  13 goblins
  6 hobgoblins
  6 kobolds
  2 quokkas
  10 ball pythons
  2 frilled lizards
  4 rats
101 creatures vanquished.

Notes
Turn   | Place    | Note
-------+----------+-------------------------------------------
     0 | D:1      | Peloso the Minotaur Fighter began the quest for the Orb.
     0 | D:1      | Reached XP level 1. HP: 19/19 MP: 0/0
   128 | D:1      | Reached XP level 2. HP: 27/27 MP: 1/1
   215 | D:1      | Reached skill level 4 in Armour
   833 | D:2      | Reached XP level 3. HP: 31/33 MP: 2/2
   929 | D:2      | Noticed Jessica
   938 | D:2      | Killed Jessica
   939 | D:2      | Reached skill level 1 in Dodging
   939 | D:2      | Reached XP level 4. HP: 28/40 MP: 3/3
  1056 | D:2      | Noticed Natasha
  1070 | D:2      | Killed Natasha
  1223 | D:2      | Found a stormy altar of Qazlal.
  1236 | D:2      | Noticed Natasha
  1240 | D:2      | Killed Natasha
  1561 | D:2      | Noticed Natasha
  1573 | D:2      | Killed Natasha
  1574 | D:2      | Reached skill level 5 in Armour
  1574 | D:2      | Reached XP level 5. HP: 36/46 MP: 4/4
  1780 | D:3      | Found an ancient bone altar of Kikubaaqudgha.
  2011 | D:3      | Found a runed translucent door.
  2012 | D:3      | Noticed Crazy Yiuf
  2725 | D:4      | Reached XP level 6. HP: 41/52 MP: 5/5
  2791 | D:4      | Found a sparkling altar of Nemelex Xobeh.
  2839 | D:4      | Reached skill level 5 in Shields
  2931 | D:4      | Reached skill level 5 in Long Blades
  2931 | D:4      | Reached skill level 6 in Armour
  3442 | D:5      | Entered Level 5 of the Dungeon
  3450 | D:5      | Reached XP level 7. HP: 58/60 MP: 6/6
  3464 | D:5      | Found a glowing silver altar of Zin.
  4040 | D:5      | Reached skill level 5 in Fighting
  4151 | D:5      | Found a shadowy altar of Dithmenos.
  4282 | D:5      | Got the Tractate on Hermetica
  4318 | D:5      | Reached skill level 7 in Armour
  4336 | D:5      | HP: 4/91 [poisoned by a killer bee]
  4337 | D:5      | Reached XP level 8. HP: 5/68 MP: 7/7
  4338 | D:5      | HP: 1/102 [poisoned by a killer bee]
  4339 | D:5      | Succumbed to a killer bee's poison

Illustrated notes

Levels and vault maps discovered:
D:1:      nicolae_arrival_memento_mori, layout_rooms
D:2:      layout_basic, basic_altar, grunt_ministairs_14, glass_columns_b,
          minivault_27, minmay_box_of_dots, uniq_jessica, uniq_natasha
D:3:      cheibrodos_helix_gallery, layout_basic,
          mainiacjoe_overflow_concentric_impassable, kennysheep_generic_room_12,
          uniq_crazy_yiuf_cottage
D:4:      layout_rooms, mainiacjoe_overflow_catwalk
D:5:      layout_loops_ring, amcnicky_altar_gilded,
          nicolae_dithmenos_the_darkroom, serial_bayou_lake_a

Skill      XL: |  1  2  3  4  5  6  7 |
---------------+----------------------+-----
Armour         | 4 5 6 7 |  7.2
Shields        | 4 5 |  5.3
Fighting       | 4 5 |  5.2
Long Blades    | 3 4 5 6 |  6.8
Dodging        | 1 2 |  2.8
Stealth        | |  0.7

Action                     |  1- 3 |  4- 6 |  7- 9 || total
---------------------------+-------+-------+-------++-------
  Melee: Long sword        |    65 |   159 |    97 ||   321
         Headbutt          |     9 |    32 |    14 ||    55
    Use: Potion            |     2 |     3 |     2 ||     7
         Scroll            |     2 |     4 |       ||     6
 Armour: Scale mail        |    51 |   143 |   105 ||   299
  Dodge: Dodged            |    38 |    97 |    55 ||   190
  Block: Buckler           |    21 |    51 |    33 ||   105
